Match 42304472
Unlisted

Match 42304472
End
Panzergrenadier Squad
Panzergrenadier Squad
250 Light Carrier
Panzergrenadier Squad
Construct Light Support Kompanie
Fire Support Elements
le.IG 18 Mechanized Group
Panzerjäger Squad
MG34 Team
Panzerjäger Squad
2.5-tonne Medical Truck
Construct Panzerarmee Kommand
Selects Italian Infantry
Selects Guastatori Squad
Selects Registered Artillery
Guastatori Squad
Walking Stuka Rocket Launcher
Selects Towed Cannone da 105/28 Field Howitzer
Tungsten Core Ammunition
Selects Towed Cannone da 105/28 Field Howitzer
Selects Defensive Operations
Selects Territory Booby Traps
Selects Towed Cannone da 105/28 Field Howitzer
Selects Defensive Operations
Guastatori Squad
Flak 36 Anti-tank Gun Team
Armored Reserves
Tiger Heavy Tank
Guastatori Squad
圣战士阿凡提
Nexsos
1789Lan1949
MJN
Nachopz
TidaL
屠夫你过来
100% oj addict
0
0

Comments sign in to comment!

No comments posted yet!